[Event "*** Titled Tuesday Blitz"]
[Site "Chess.com"]
[Date "2021.04.06"]
[Round "1"]
[White "stepakyedael"]
[Black "korbul"]
[Result "1-0"]
[WhiteElo "2284"]
[BlackElo "2564"]
[TimeControl "180+1"]
[EndTime "10:04:55 PDT"]
[Termination "stepakyedael won by resignation"]

1. d4 Nf6 2. c4 e6 3. Nf3 b6 4. a3 Bb7 5. Nc3 g6 6. Qc2 Bg7 7. e4 d6 8. Bg5 h6 9. Bh4 Nbd7 10.
e5 dxe5 11. dxe5 Bxf3 12. exf6 Bxf6 13. Bxf6 Qxf6 14. gxf3 Qxf3 15. Qe4 Qxe4+ 16. Nxe4 f5 17. Nc3 Ke7 18. Bg2 Rad8 19. O-O-O Nc5 20. Kc2 a6 21. b4 Nd7 22. Rhe1 Nf6 23. Nd5+ Nxd5 24. cxd5 Rd6 25. Rxe6+ Rxe6 26. dxe6 Kxe6 27. Kc3 g5 28. Bb7 a5 29. bxa5 bxa5 30. Kc4 h5 31. Kb5 g4 32. Kxa5 f4 33. Kb5 f3 34. a4 Rf8 35.
a5 Rf5+ 36. Kb4 Rf4+ 37. Ka3 Rf5 38. a6 h4 39. Kb4 Rf4+ 40. Kb5 Rf5+ 41. Bd5+ Kd6 42. a7 c6+ 43. Kb6 Rf8 44. Bxc6+ 1-0

[Event "*** Titled Tuesday Blitz"]
[Site "Chess.com"]
[Date "2021.04.06"]
[Round "1"]
[White "gagtemp"]
[Black "chessablanca"]
[Result "0-1"]
[WhiteElo "2000"]
[BlackElo "2489"]
[TimeControl "180+1"]
[EndTime "10:04:55 PDT"]
[Termination "chessablanca won by resignation"]

1. e4 e5 2. Nf3 Nc6 3. Bc4 Bc5 4. O-O Nf6 5. d3 d6 6. a4 Bg4 7. c3 a6 8. Re1 h6 9. Nbd2 Ne7 10. b4 Ba7 11. h3 Be6 12. Nf1 Ng6 13. Bxe6 fxe6 14. Ra2 O-O 15. Be3 Qe7 16. N1h2 Rad8 17. Bxa7 b6 18.
a5 Nd7 19. axb6 cxb6 20. Rxa6 Ra8 21. Qa4 Nf4 22. Rd1 Ne2+ 23. Kh1 Nxc3 24. Qa1 Nxd1 25. Qxd1 Nb8 26. Bxb8 Rxa6 27. Bxd6 Qxd6 28. Ng4 Qxb4 29. Ngxe5 Qc3 30. Ng4 Ra1 0-1

[Event "*** Titled Tuesday Blitz"]
[Site "Chess.com"]
[Date "2021.04.06"]
[Round "1"]
[White "KaterynaLagno"]
[Black "Valeron87"]
[Result "1-0"]
[WhiteElo "2677"]
[BlackElo "2361"]
[TimeControl "180+1"]
[EndTime "10:04:57 PDT"]
[Termination "KaterynaLagno won on time"]

1. e4 c5 2. Nf3 e6 3. d4 cxd4 4.
Nxd4 Nc6 5. Nc3 a6 6. Be3 Nf6 7. a3 d5 8. exd5 Nxd5 9. Nxd5 Qxd5 10. Qd2 Be7 11. c4 Qd6 12. Be2 O-O 13. Rd1 Nxd4 14.
Qxd4 Qxd4 15. Bxd4 Rd8 16. Bf3 f6 17. Ke2 e5 18.
Bb6 Rxd1 19. Rxd1 Kf8 20. c5 Ke8 21. c6 Kf8 22. c7 1-0

[Event "*** Titled Tuesday Blitz"]
[Site "Chess.com"]
[Date "2021.04.06"]
[Round "1"]
[White "babyking1205"]
[Black "Michaelson_11"]
[Result "1-0"]
[WhiteElo "2557"]
[BlackElo "2237"]
[TimeControl "180+1"]
[EndTime "10:04:57 PDT"]
[Termination "babyking1205 won on time"]

1. e4 e6 2. d4 d5 3. Bd3 dxe4 4. Bxe4 Nf6 5. Bf3 Nbd7 6. Ne2 Bd6 7. Nbc3 c6 8. Be3 e5 9. O-O O-O 10. Ng3 exd4 11.
Bxd4 Ne5 12. Be4 Neg4 13. h3 c5 14. Bxf6 Nxf6 15. Qf3 Qb6 16. Bd3 Be6 17. Nce4 Nxe4 18. Nxe4 c4 19. Nxd6 cxd3 20. Qxd3 Rad8 21. Rfd1 Qxb2 22.
Rab1 Qxa2 23. Rxb7 h6 24. f4 a5 25. f5 Bc8 26. Ra7 1-0

[Event "*** Titled Tuesday Blitz"]
[Site "Chess.com"]
[Date "2021.04.06"]
[Round "1"]
[White "elvidirris"]
[Black "Ave_Mariia"]
[Result "1-0"]
[WhiteElo "2073"]
[BlackElo "2473"]
[TimeControl "180+1"]
[EndTime "10:05:00 PDT"]
[Termination "elvidirris won by resignation"]

1. e4 c5 2. c3 g6 3. d4 cxd4 4. cxd4 d5 5. exd5 Nf6 6. Nc3 Nxd5 7. Nf3 Bg7 8. Bc4 Nb6 9. Bb3 O-O 10. h3 Nc6 11.
Be3 Na5 12. O-O Nxb3 13. Qxb3 Be6 14. Qd1 Nc4 15. Qe2 Nxe3 16. fxe3 Rc8 17. Rac1 Bc4 18.
Qf2 Bxf1 19. Rxf1 Qb6 20. Ng5 Qf6 21. Qh4 Qxf1+ 22. Kxf1 h6 23. Nge4 Rfe8 24. Nd5 Kf8 25. Nc5 g5 26. Qe4 e6 27. Nd7+ Kg8 28. N5f6+ Bxf6 29. Nxf6+ Kg7 30. Nxe8+ Rxe8 31. Qxb7 e5 32. d5 e4 33. Ke2 Re5 34. Qc6 f6 35. d6 Kf7 36. d7 Ke7 37. Qc8 1-0

[Event "*** Titled Tuesday Blitz"]
[Site "Chess.com"]
[Date "2021.04.06"]
[Round "1"]
[White "Dyadya81"]
[Black "Chandradi"]
[Result "1-0"]
[WhiteElo "2708"]
[BlackElo "2385"]
[TimeControl "180+1"]
[EndTime "10:05:05 PDT"]
[Termination "Dyadya81 won by resignation"]

1. e4 c5 2. Nf3 e6 3. d4 cxd4 4. Nxd4 a6 5. Nc3 Qc7 6. Qf3 b6 7. Bf4 d6 8. O-O-O Bb7 9. Bg3 Nf6 10. Bd3 Be7 11. Rhe1 Nbd7 12. Kb1 b5 13. Bxb5 axb5 14. Ndxb5 Qb6 15. Bxd6 Bxd6 16. Nxd6+ Kf8 17. Nxf7 Bc6 18. Nxh8 Rb8 19. b3 Ne5 20. Qg3 Qa5 21. Nd5 Ra8 22. Qxe5 Qxa2+ 23. Kc1 Nxe4 24. Rxe4 Bxd5 25. Rxd5 Qa3+ 26.
Kd2 exd5 27. Qf5+ 1-0

[Event "*** Titled Tuesday Blitz"]
[Site "Chess.com"]
[Date "2021.04.06"]
[Round "1"]
[White "GoltsevDmitry2000"]
[Black "ZEN-22"]
[Result "1-0"]
[WhiteElo "2744"]
[BlackElo "2406"]
[TimeControl "180+1"]
[EndTime "10:05:07 PDT"]
[Termination "GoltsevDmitry2000 won by resignation"]

1. e4 d5 2. exd5 c6 3. dxc6 Nxc6 4. Nf3 e5 5. Nc3 f5 6. Bb5 e4 7. Ne5 Qf6 8. Nxc6 bxc6 9. Ba4 Bb4 10. Nd5 Qg6 11.
Nxb4 Qxg2 12. Bxc6+ Bd7 13. Bxd7+ Kxd7 14. Rf1 Nf6 15.
Qe2 Rab8 16. Na6 Rb6 17. Nc5+ Ke7 18. d4 Rd8 19. c3 Kf8 20. Bf4 Nd5 21. Be5 Kg8 22.
f3 Qh3 23. fxe4 Nxc3 24. bxc3 Qxc3+ 25. Kf2 Rb2 26. Rad1 fxe4 27. Nxe4 Rf8+ 28. Kg1 Rxf1+ 29. Rxf1 Qc6 1-0

[Event "*** Titled Tuesday Blitz"]
[Site "Chess.com"]
[Date "2021.04.06"]
[Round "1"]
[White "PrinceMurad09"]
[Black "beto-betun"]
[Result "1-0"]
[WhiteElo "2543"]
[BlackElo "2214"]
[TimeControl "180+1"]
[EndTime "10:05:07 PDT"]
[Termination "PrinceMurad09 won by resignation"]

1. e4 c5 2. Nf3 d6 3. d4 cxd4 4. Nxd4 Nf6 5. Nc3 a6 6. h3 e5 7. Nde2 Be7 8. g4 h6 9. a4 Be6 10. Bg2 Nc6 11. O-O Rc8 12. Be3 O-O 13. f4 exf4 14. Nxf4 Ne5 15. Ncd5 Bxd5 16. exd5 Nfd7 17. Nh5 Bg5 18. Bd4 Qc7 19. c3 g6 20. Ng3 Rce8 21.
Ne4 Qd8 22. a5 Nf6 23. Nxg5 hxg5 24. Qd2 Nh7 25. Bb6 Qd7 26. b3 Rc8 27. c4 f5 28.
gxf5 gxf5 29. Bd4 Rce8 30. Rae1 Rf7 31. c5 g4 32. hxg4 Nxg4 33. c6 bxc6 34. dxc6 Qc7 1-0

[Event "*** Titled Tuesday Blitz"]
[Site "Chess.com"]
[Date "2021.04.06"]
[Round "1"]
[White "HouseOfDurin"]
[Black "Sergey85Rodchenkov"]
[Result "0-1"]
[WhiteElo "2151"]
[BlackElo "2522"]
[TimeControl "180+1"]
[EndTime "10:05:08 PDT"]
[Termination "Sergey85Rodchenkov won by resignation"]

1. d4 Nf6 2. Bg5 c5 3. Bxf6 exf6 4. c3 d5 5. e3 Nc6 6. g3 Bd6 7. Bg2 Be6 8. Ne2 O-O 9. O-O Qb6 10. dxc5 Bxc5 11. b4 Be7 12. Bxd5 Rfd8 13. e4 Rac8 14. Nf4 Ne5 15. Nxe6 fxe6 16. Bxe6+ Qxe6 17. Qb3 Qxb3 18. axb3 a6 19. f4 Ng4 20. h3 Ne3 21. Rf2 Rd1+ 22. Kh2 Rcd8 23. Re2 Nf1+ 24. Kg2 Nd2 25. Nxd2 Rxa1 26.
Nc4 Rc1 27. e5 Rxc3 28. exf6 Bxf6 29. g4 h6 30. Ne3 Re8 0-1

[Event "*** Titled Tuesday Blitz"]
[Site "Chess.com"]
[Date "2021.04.06"]
[Round "1"]
[White "Mamedyarov_twitch"]
[Black "Giorno"]
[Result "1-0"]
[WhiteElo "3001"]
[BlackElo "2469"]
[TimeControl "180+1"]
[EndTime "10:05:10 PDT"]
[Termination "Mamedyarov_twitch won by resignation"]

1. e4 c5 2. c3 Qa5 3. Na3 d6 4. Nf3 Nc6 5. d4 cxd4 6. Nc4 Qc7 7. cxd4 Bg4 8. d5 Bxf3 9. gxf3 Nb8 10. Qa4+ Nd7 11. Be3 b5 12. Qxb5 Rb8 13. Qc6 Rc8 14. Rc1 Qxc6 15. dxc6 Nb8 16. c7 Nd7 17. Bxa7 e6 18. Nb6 Nxb6 19. Bxb6 d5 20. Bb5+ Ke7 21. Bc5+ 1-0

[Event "*** Titled Tuesday Blitz"]
[Site "Chess.com"]
[Date "2021.04.06"]
[Round "1"]
[White "manuellarrea"]
[Black "1g41-0"]
[Result "0-1"]
[WhiteElo "2238"]
[BlackElo "2559"]
[TimeControl "180+1"]
[EndTime "10:05:10 PDT"]
[Termination "1g41-0 won by resignation"]

1. e4 e5 2. Nf3 Nc6 3. Bc4 Bc5 4. c3 Nf6 5. d4 Bb6 6. dxe5 Ng4 7. Bxf7+ Kxf7 8.
Ng5+ Ke8 9. Qxg4 Nxe5 10. Qh5+ g6 11. Qe2 d6 12. Bf4 Qe7 13. Nf3 Bg4 14. Nbd2 Rf8 15.
Bh6 Rf7 16. h3 Bxf3 17. gxf3 Bxf2+ 18. Kxf2 Qh4+ 19. Kg2 Qxh6 20. Rad1 Ke7 21. Rhf1 Raf8 22. Qb5 Qg5+ 23. Kh2 Nxf3+ 0-1

[Event "*** Titled Tuesday Blitz"]
[Site "Chess.com"]
[Date "2021.04.06"]
[Round "1"]
[White "erdni1993"]
[Black "C_K_G"]
[Result "1-0"]
[WhiteElo "2492"]
[BlackElo "2032"]
[TimeControl "180+1"]
[EndTime "10:05:11 PDT"]
[Termination "erdni1993 won by resignation"]

1. e4 c5 2. Nf3 d6 3. d4 cxd4 4.
Nxd4 Nf6 5. Nc3 a6 6. Bg5 e6 7. Qd2 Be7 8. O-O-O O-O 9. f3 Qc7 10. g4 b5 11. Kb1 b4 12. Nce2 Bb7 13. h4 d5 14. e5 Ne8 15. Bxe7 Qxe7 16. g5 Nc6 17. f4 Nc7 18. Nxc6 Bxc6 19. Nd4 Bb7 20. h5 Rfc8 21. g6 h6 22. gxf7+ Qxf7 23. Bd3 Nb5 24. Bxb5 axb5 25. Qxb4 Ba6 26. Qd6 b4 27. Qxe6 Bc4 28. b3 Ba6 29. f5 Rc3 30. Qxf7+ Kxf7 31. e6+ Kf6 32. Rhg1 Ra7 33. Rde1 g5 34. fxg6 Rcc7 35. Re3 Bc8 36. Rf1+ Kg7 37. Rf7+ Kg8 38. e7 1-0

[Event "*** Titled Tuesday Blitz"]
[Site "Chess.com"]
[Date "2021.04.06"]
[Round "1"]
[White "poneis_malditos"]
[Black "Aradhya2000"]
[Result "0-1"]
[WhiteElo "2301"]
[BlackElo "2603"]
[TimeControl "180+1"]
[EndTime "10:05:13 PDT"]
[Termination "Aradhya2000 won by resignation"]

1. e4 e5 2. Nc3 Nc6 3. Bc4 Nf6 4. d3 Bc5 5. h3 Na5 6. Bb3 Nxb3 7. axb3 d5 8. Bg5 dxe4 9. dxe4 Be6 10. Nf3 Qxd1+ 11.
Rxd1 Nd7 12. Ke2 f6 13. Be3 Bxe3 14. Kxe3 c6 15. Rd6 Ke7 16. Rhd1 Rhd8 17. Na4 b5 18.
Nc3 Rac8 19. b4 Nb6 20. Rxd8 Rxd8 21. Rxd8 Kxd8 22. b3 Kc7 23. g4 Nd7 24. Nh4 g6 25. Ne2 Bf7 26. Nc1 Kb6 27. Nd3 a5 28. bxa5+ Kxa5 29. f4 exf4+ 30. Kxf4 g5+ 31. Kf5 gxh4 32. g5 fxg5 33.
e5 Bg6+ 34. Ke6 Bxd3 35. cxd3 Nxe5 36. Kxe5 Kb4 37. Kd6 g4 0-1

[Event "*** Titled Tuesday Blitz"]
[Site "Chess.com"]
[Date "2021.04.06"]
[Round "1"]
[White "Pantata007"]
[Black "Niktlt"]
[Result "0-1"]
[WhiteElo "2259"]
[BlackElo "2570"]
[TimeControl "180+1"]
[EndTime "10:05:13 PDT"]
[Termination "Niktlt won on time"]

1. d4 Nf6 2. c4 g6 3. Nc3 Bg7 4.
e4 d6 5. Be2 O-O 6. Bg5 Na6 7.
Qd2 e5 8. d5 c6 9. h4 Nc5 10.
f3 cxd5 11. cxd5 Bd7 12. h5 a5 13. h6 Bh8 14. Nh3 a4 15. Nf2 Qa5 16. O-O b5 17. Rfc1 Rfc8 18. Nd3 b4 19. Nd1 Rab8 20.
Be3 Ne8 21. Bxc5 dxc5 22. Ne3 Bb5 23. a3 Nd6 24. axb4 cxb4 25. Rxc8+ Rxc8 26. Bf1 Bxd3 27. Bxd3 Qc5 28. Rxa4 Bf6 29. Rxb4 Bg5 0-1

[Event "*** Titled Tuesday Blitz"]
[Site "Chess.com"]
[Date "2021.04.06"]
[Round "1"]
[White "DrCeltic"]
[Black "Hikaru"]
[Result "0-1"]
[WhiteElo "2477"]
[BlackElo "3224"]
[TimeControl "180+1"]
[EndTime "10:05:15 PDT"]
[Termination "Hikaru won by checkmate"]

1. e4 g6 2. d4 Bg7 3. Nc3 c6 4.
h3 d5 5. Nf3 dxe4 6. Nxe4 Nf6 7. Nxf6+ exf6 8. Be2 O-O 9. O-O Nd7 10. c3 Re8 11. Bf4 Nb6 12. Re1 Be6 13. Qc2 Nd5 14.
Bg3 b5 15. Nd2 f5 16. Be5 Bxe5 17. dxe5 Nf4 18. Bf1 Bd5 19. c4 bxc4 20. Nxc4 Nxh3+ 21. Kh2 Nf4 22. g3 Qg5 23. gxf4 Qxf4+ 24. Kh3 g5 25. f3 Qxf3+ 26. Kh2 Qh1+ 27. Kg3 Qh4# 0-1

[Event "*** Titled Tuesday Blitz"]
[Site "Chess.com"]
[Date "2021.04.06"]
[Round "1"]
[White "Shankovskyi"]
[Black "kaponerde"]
[Result "0-1"]
[WhiteElo "2490"]
[BlackElo "2122"]
[TimeControl "180+1"]
[EndTime "10:05:15 PDT"]
[Termination "kaponerde won by checkmate"]

1. e4 c5 2. Nf3 g6 3. d4 cxd4 4. Nxd4 Bg7 5. Be3 Nc6 6. Nc3 Nf6 7. Bc4 O-O 8. O-O Nxe4 9. Nxe4 d5 10. Nxc6 bxc6 11.
Nc3 dxc4 12. Qe2 Be6 13. Rad1 Qa5 14. Bd4 Bxd4 15. Rxd4 Rab8 16. Rb1 Rxb2 17. Rxb2 Qxc3 18. Rb7 Qxd4 19. h3 c3 20. Rxe7 Rd8 21. Qa6 Qd1+ 22.
Kh2 Qd6+ 23. g3 Qxe7 24. Qa5 Rd2 25. Qxc3 Rxf2+ 26. Kg1 Re2 27. Qxc6 Bxh3 28. Qc8+ Kg7 29. Qxh3 Qe3+ 30. Kh1 Qf3+ 31. Kg1 Re1+ 32. Kh2 Rh1# 0-1

[Event "*** Titled Tuesday Blitz"]
[Site "Chess.com"]
[Date "2021.04.06"]
[Round "1"]
[White "Supernotar"]
[Black "Handszar"]
[Result "1-0"]
[WhiteElo "2680"]
[BlackElo "2369"]
[TimeControl "180+1"]
[EndTime "10:05:16 PDT"]
[Termination "Supernotar won on time"]

1. d4 Nf6 2. c4 g6 3. Nc3 d5 4.
cxd5 Nxd5 5. e4 Nxc3 6. bxc3 Bg7 7. Nf3 O-O 8. Be3 b6 9. Qd2 Bb7 10. Bd3 c5 11. O-O cxd4 12. cxd4 Nc6 13. Bc4 Na5 14.
Bd3 Rc8 15. Rac1 Qd7 16. h3 Qa4 17. Qe2 e6 18. Rfd1 Qa3 19. Rxc8 Rxc8 20. Ne5 Nc6 21.
Nxc6 Rxc6 22. d5 exd5 23. exd5 Rd6 24. Bc4 Rd8 25. Bb3 Qd6 26. Qf3 1-0

[Event "*** Titled Tuesday Blitz"]
[Site "Chess.com"]
[Date "2021.04.06"]
[Round "1"]
[White "gumimis"]
[Black "nochewycandy"]
[Result "0-1"]
[WhiteElo "2316"]
[BlackElo "2610"]
[TimeControl "180+1"]
[EndTime "10:05:18 PDT"]
[Termination "nochewycandy won by checkmate"]

1. e4 g6 2. d4 Bg7 3. Nc3 d6 4. f4 a6 5. Nf3 b5 6. Bd3 Nd7 7. O-O c5 8. Be3 Bb7 9. d5 Ngf6 10. a4 c4 11. Be2 b4 12. Na2 a5 13. Bxc4 Nxe4 14. Qd3 Ndc5 15. Bb5+ Kf8 16. Bxc5 Nxc5 17.
Qe3 Bxb2 18. Rad1 Bf6 19. Nc1 Qb6 20. Kh1 Nxa4 21. Qxb6 Nxb6 22. Nb3 Bxd5 23. Ra1 Bxa1 24. Rxa1 Bxf3 25. gxf3 a4 26. Nd4 a3 27. Nc6 Nd5 28.
Bc4 Nxf4 29. Nxb4 Kg7 30. c3 Rhc8 31. Bd5 Nxd5 32. Nxd5 Ra7 33. Kg2 a2 34. Nb4 Rxc3 35.
Nxa2 Rc2+ 36. Kg3 Raxa2 37. Re1 e5 38. f4 Rc3+ 39. Kg4 f5+ 40. Kg5 h6+ 41. Kh4 Rxh2# 0-1

[Event "*** Titled Tuesday Blitz"]
[Site "Chess.com"]
[Date "2021.04.06"]
[Round "1"]
[White "davigator"]
[Black "NikolaGry"]
[Result "0-1"]
[WhiteElo "2396"]
[BlackElo "2718"]
[TimeControl "180+1"]
[EndTime "10:05:19 PDT"]
[Termination "NikolaGry won by resignation"]

1. e4 d5 2. exd5 Nf6 3. d4 Nxd5 4. Nf3 g6 5. Bc4 Bg7 6. h3 O-O 7. O-O Nb6 8. Bb3 Nc6 9. c3 e5 10. Bg5 Qd7 11. d5 Na5 12. Re1 Nxb3 13. Qxb3 Qxd5 14.
Nxe5 Qxb3 15. axb3 f6 16. Nxg6 hxg6 17. Bf4 Nd5 18. Bh2 Bf5 19. Nd2 c6 20. Nc4 Rfe8 21. Rxe8+ Rxe8 22. Nd6 Re2 23. Nxf5 gxf5 24. Bg3 f4 25.
Bh4 Rxb2 26. Rxa7 Rxb3 27. c4 Nc3 28. Ra8+ Kf7 29. Rc8 Ne4 30. f3 Ng3 31. Bxg3 fxg3 32. Kf1 Rb2 33. Rc7+ Kg6 34. c5 Bh6 35. Ke1 Be3 36. h4 Bxc5 37. f4 Rxg2 38. f5+ Kxf5 39. Rg7 Rh2 40. h5 g2 0-1

[Event "*** Titled Tuesday Blitz"]
[Site "Chess.com"]
[Date "2021.04.06"]
[Round "1"]
[White "powermove"]
[Black "ukchessbomber"]
[Result "0-1"]
[WhiteElo "1645"]
[BlackElo "2479"]
[TimeControl "180+1"]
[EndTime "10:05:19 PDT"]
[Termination "ukchessbomber won by resignation"]

1. e4 e5 2. Nf3 Nc6 3. Bc4 Nf6 4. Ng5 d5 5. exd5 Na5 6. Bb5+ c6 7. dxc6 bxc6 8. Qf3 Be7 9. O-O Bg4 10. Bxc6+ Kf8 11.
Bxa8 Bxf3 12. Bxf3 Nd5 13. Nh3 f5 14. d3 g5 15. g4 h5 16. gxf5 g4 17. Bxd5 Qxd5 18.
Ng5 Bxg5 19. Bxg5 h4 20. Nd2 g3 21. fxg3 hxg3 22. h4 Qc5+ 23. Kg2 Kf7 24. Ne4 Qxc2+ 25. Kf3 Qxd3+ 26. Be3 Nc4 27. Rfe1 Rxh4 28. Rad1 Qxe4+ 0-1

[Event "*** Titled Tuesday Blitz"]
[Site "Chess.com"]
[Date "2021.04.06"]
[Round "1"]
[White "BrandonJacobson"]
[Black "CM_rui"]
[Result "1-0"]
[WhiteElo "2882"]
[BlackElo "2452"]
[TimeControl "180+1"]
[EndTime "10:05:22 PDT"]
[Termination "BrandonJacobson won by resignation"]

1. d4 Nf6 2. c4 e6 3. Nf3 Bb4+ 4. Nbd2 O-O 5. a3 Be7 6. e4 d6 7. Be2 Nbd7 8. Qc2 a5 9. Nb1 e5 10. Nc3 exd4 11. Nxd4 Nc5 12. b3 Re8 13. O-O Bf8 14. f3 g6 15. Be3 Bg7 16. Rad1 Bd7 17. Rfe1 h6 18. Bf1 Kh7 19. Nd5 Nfxe4 20. fxe4 Rxe4 21. Bf2 f5 22. Nc3 Rf4 23. Be3 Re4 24. Nxe4 Nxe4 25. Nb5 Bc6 26. Bd4 Qg5 27. Bxg7 Kxg7 28. Nxc7 Qxg2+ 29. Bxg2 1-0

[Event "*** Titled Tuesday Blitz"]
[Site "Chess.com"]
[Date "2021.04.06"]
[Round "1"]
[White "CakeinSpace2002"]
[Black "lagedema"]
[Result "0-1"]
[WhiteElo "2317"]
[BlackElo "2611"]
[TimeControl "180+1"]
[EndTime "10:05:22 PDT"]
[Termination "lagedema won by resignation"]

1. e4 c6 2. d4 d5 3. Nc3 dxe4 4. Nxe4 Bf5 5. Ng3 Bg6 6. h4 h6 7. N1e2 e6 8. Nf4 Bh7 9. Bc4 Nf6 10. O-O Bd6 11. Nxe6 fxe6 12. Bxe6 Kf8 13. Nh5 Nbd7 14. f4 Bg6 15. Ng3 Qc7 16. c4 Re8 17. Bh3 c5 18. d5 Ne4 19. Nf5 Bxf5 20. Bxf5 Ng3 21. Bg6 Nxf1 22. Bxe8 Kxe8 23. Qxf1 Kd8 24. Bd2 Nf6 25.
Qf3 Re8 26. Bc3 Qd7 27. f5 Be5 28. Bxe5 Rxe5 29. Rf1 Re4 30. b3 Qd6 31. g4 Rxg4+ 0-1

[Event "*** Titled Tuesday Blitz"]
[Site "Chess.com"]
[Date "2021.04.06"]
[Round "1"]
[White "yandry1996"]
[Black "bratkoo"]
[Result "0-1"]
[WhiteElo "2233"]
[BlackElo "2553"]
[TimeControl "180+1"]
[EndTime "10:05:22 PDT"]
[Termination "bratkoo won by resignation"]

1. e4 e6 2. d4 d5 3. Nc3 Nf6 4. e5 Nfd7 5. Nce2 c5 6. c3 Nc6 7. Nf3 f6 8. Nf4 Qe7 9. Bb5 cxd4 10. Bxc6 bxc6 11. exf6 Qxf6 12. cxd4 Bb4+ 13. Kf1 O-O 14.
Nd3 Bd6 15. Nde1 e5 16. dxe5 Nxe5 17. Be3 Bg4 18. Qd4 Bxf3 19. Nxf3 Nxf3 20. Qxf6 Rxf6 21. gxf3 Rxf3 22. Ke2 Rf6 23. h4 Re8 24. Kd3 c5 25. Raf1 d4 26. Bg5 Rf3+ 27. Kd2 c4 28. Rhg1 Rb8 29. Kc1 c3 30. bxc3 Rxc3+ 31. Kd2 Rb2+ 32.
Kd1 Rd3+ 33. Ke1 Bb4+ 0-1

[Event "*** Titled Tuesday Blitz"]
[Site "Chess.com"]
[Date "2021.04.06"]
[Round "1"]
[White "mac0504"]
[Black "Nachsueb"]
[Result "1-0"]
[WhiteElo "2526"]
[BlackElo "2185"]
[TimeControl "180+1"]
[EndTime "10:05:25 PDT"]
[Termination "mac0504 won by resignation"]

1. e4 c5 2. Nf3 e6 3. d4 cxd4 4. Nxd4 Nc6 5. Nc3 Qc7 6. Qd3 Nxd4 7. Qxd4 Bc5 8. Qd3 Nf6 9. Be2 a6 10. O-O O-O 11. Be3 Bxe3 12. Qxe3 b5 13. e5 Ne8 14. f4 d5 15. Bd3 g6 16. Ne2 Ng7 17.
Nd4 Bd7 18. g4 Rac8 19. h4 h5 20. f5 exf5 21. gxf5 Rce8 22. Rae1 Qc5 23. f6 Ne6 24. c3 b4 25. Qh6 bxc3 26. bxc3 Rb8 27. Rf2 Qxc3 28.
Nxe6 Qxe1+ 29. Bf1 Qxf2+ 30. Kxf2 Rb2+ 31. Kg1 1-0

[Event "*** Titled Tuesday Blitz"]
[Site "Chess.com"]
[Date "2021.04.06"]
[Round "1"]
[White "juancruzarias"]
[Black "maximych26"]
[Result "1-0"]
[WhiteElo "2559"]
[BlackElo "2238"]
[TimeControl "180+1"]
[EndTime "10:05:29 PDT"]
[Termination "juancruzarias won by resignation"]

1. d4 Nf6 2. Nf3 c5 3. e3 e6 4. Bd3 b6 5. O-O Bb7 6. c4 Be7 7. Nc3 O-O 8. d5 d6 9. e4 e5 10.
Rb1 Nfd7 11. a3 a5 12. Bc2 g6 13. Bh6 Re8 14. Ba4 Bf8 15. Be3 f5 16. exf5 gxf5 17. Ng5 f4 18. Ne6 Qf6 19. Qg4+ Kh8 20. Ne4 Qg6 21.
Qxg6 hxg6 22. Bd2 Rc8 23. Nxf8 Rxf8 24. Nxd6 Ba6 25. Bc3 Kh7 26. Rfe1 Rf5 27. Nxf5 gxf5 28. Bxe5 Bxc4 29. Bxb8 Nxb8 30. Re7+ Kg6 31. Re8 b5 32. b3 Bd3 33. Rd1 Bc2 34. Rd2 bxa4 35. Rxc2 axb3 36. Rxc5 Na6 37. Rc6+ Kg5 38. Rxa8 b2 39. Rb6 Nb4 40.
Rg8+ Kh5 41. h4 b1=Q+ 42. Kh2 Nxd5 43. Rxb1 f3 44. Rb7 1-0

[Event "*** Titled Tuesday Blitz"]
[Site "Chess.com"]
[Date "2021.04.06"]
[Round "1"]
[White "MaevskiyNikolay"]
[Black "Raud100"]
[Result "1-0"]
[WhiteElo "2574"]
[BlackElo "2266"]
[TimeControl "180+1"]
[EndTime "10:05:30 PDT"]
[Termination "MaevskiyNikolay won by resignation"]

1. Nf3 d5 2. c4 c6 3. e3 Nf6 4. Nc3 Bg4 5. Qb3 Qb6 6. cxd5 Qxb3 7. axb3 Nxd5 8. Ne5 Be6 9. Bc4 Nd7 10. Bxd5 Bxd5 11. Nxd5 cxd5 12. Nxd7 Kxd7 13. d3 e6 14. Bd2 a6 15.
Bc3 f6 16. h4 h5 17. Ke2 Bd6 18. Rhg1 Rac8 19. Ra4 Ke7 20. g4 hxg4 21. Raxg4 g6 22. Rxg6 Rcf8 23. Rxf6 Rxf6 24. Rg7+ Rf7 25. Rxf7+ Kxf7 26.
Bxh8 Kg6 27. f4 Kh5 28. Bf6 Kg4 29. Bg5 Bf8 30. e4 dxe4 31. dxe4 Bg7 32. e5 Bf8 33. Kd3 b5 34. Ke4 Bc5 35. Bd8 Bb4 36. h5 Kxh5 37.
f5 exf5+ 38. Kxf5 1-0

[Event "*** Titled Tuesday Blitz"]
[Site "Chess.com"]
[Date "2021.04.06"]
[Round "1"]
[White "jamalm2"]
[Black "StarkAst"]
[Result "1-0"]
[WhiteElo "2022"]
[BlackElo "2474"]
[TimeControl "180+1"]
[EndTime "10:05:30 PDT"]
[Termination "jamalm2 won by resignation"]

1. e4 e6 2. Nc3 d5 3. Nf3 d4 4. Ne2 c5 5. d3 Nc6 6. g3 Be7 7. Bg2 h5 8. h3 e5 9. O-O Be6 10. Kh2 Nh6 11. Bxh6 Rxh6 12. Nd2 Qd7 13. f4 f6 14. f5 Bf7 15. Nf3 O-O-O 16. a3 Rg8 17. b4 cxb4 18. axb4 Bxb4 19. Qb1 a5 20. Qb2 b5 21.
Rfd1 a4 22. c3 a3 23. Rxa3 Bxa3 24. Qxa3 Kc7 25. cxd4 exd4 26. Rc1 Kb6 27. Qc5+ Ka6 28. Ra1+ Kb7 29. Nexd4 Nxd4 30. Ra7+ Kb8 31. Rxd7 Nxf3+ 32. Bxf3 1-0

[Event "*** Titled Tuesday Blitz"]
[Site "Chess.com"]
[Date "2021.04.06"]
[Round "1"]
[White "crescentmoon2411"]
[Black "Mikhal867"]
[Result "1-0"]
[WhiteElo "2871"]
[BlackElo "2446"]
[TimeControl "180+1"]
[EndTime "10:05:31 PDT"]
[Termination "crescentmoon2411 won by resignation"]

1. e4 g6 2. d4 Bg7 3. Nc3 d6 4. f4 a6 5. Nf3 b5 6. e5 Bb7 7. Bd3 Nd7 8. Qe2 Nh6 9. Be4 Qc8 10. Bxb7 Qxb7 11. Qe4 O-O-O 12. Qxb7+ Kxb7 13. Be3 Nf5 14. Bf2 c5 15. dxc5 dxe5 16. O-O-O exf4 17. Nd5 e5 18. Ng5 e4 19. Nxe4 Ne5 20. h3 f3 21. g4 Ne7 22. Nxe7 Nc4 23. Nd6+ Kc7 24. Nxc4 bxc4 25. Bg3+ Kb7 26. c6+ Kb6 27. c7 Rxd1+ 28. Rxd1 1-0

[Event "*** Titled Tuesday Blitz"]
[Site "Chess.com"]
[Date "2021.04.06"]
[Round "1"]
[White "ChronicUnhappiness"]
[Black "Love_craft"]
[Result "0-1"]
[WhiteElo "2311"]
[BlackElo "2609"]
[TimeControl "180+1"]
[EndTime "10:05:32 PDT"]
[Termination "Love_craft won by resignation"]

1. c4 e5 2. g3 d6 3. Bg2 g6 4.
Nc3 Bg7 5. e4 Nc6 6. Nge2 h5 7. h3 f5 8. d3 Nf6 9. Bg5 O-O 10. O-O Be6 11. Qd2 Qd7 12. Kh2 Nh7 13. Nd5 Nxg5 14. Qxg5 Kh7 15. f4 Bxd5 16. exd5 Bf6 17.
dxc6 bxc6 18. Qxf6 Rxf6 19. d4 exf4 20. Nxf4 g5 21.
Nd3 Re8 22. Rae1 Rxe1 23. Rxe1 Re6 24. Rxe6 Qxe6 25. Bf3 Qe3 0-1

[Event "*** Titled Tuesday Blitz"]
[Site "Chess.com"]
[Date "2021.04.06"]
[Round "1"]
[White "rugbyclub"]
[Black "SF-96"]
[Result "0-1"]
[WhiteElo "2261"]
[BlackElo "2573"]
[TimeControl "180+1"]
[EndTime "10:05:33 PDT"]
[Termination "SF-96 won by resignation"]

1. e4 e5 2. Nf3 Nc6 3. Bc4 Bc5 4. c3 Nf6 5. d4 exd4 6. cxd4 Bb4+ 7. Nc3 Nxe4 8. O-O Bxc3 9. d5 Ne5 10. bxc3 Nxc4 11. Qd4 O-O 12. Qxe4 Nd6 13. Qf4 b6 14. c4 Qf6 15. Qxf6 gxf6 16. Ba3 Ba6 17. Rac1 Rfe8 18. Bxd6 cxd6 19. Nd4 Rac8 20. Nf5 Rxc4 21. Rxc4 Bxc4 22. Nxd6 Bxf1 23. Nxe8 Bc4 24. Nxf6+ Kg7 25. Nxd7 Bxd5 26. a3 f6 27. f3 Kf7 28. Kf2 Ke7 29. Nb8 Bb7 30. Ke3 Kd6 31. Kf4 Kc7 32. Kf5 Kxb8 33.
Kxf6 Kc7 34. Kg7 b5 35. Kxh7 a5 36. g4 b4 37. axb4 axb4 38. g5 b3 39. g6 b2 40.
g7 b1=Q+ 41. Kh8 Bd5 42. g8=Q Bxg8 43. Kxg8 Qg1+ 0-1